 Dungeon Crawl Stone Soup version 0.20.1-1-g8b1a95d66d (webtiles) character file.

158 Jynx the Changer (level 5, -4/40 HPs)
             Began as a Draconian Transmuter on Dec 27, 2017.
             Killed from afar by a white imp (5 damage)
             ... with a puff of frost
             ... summoned by Natasha
             ... on level 2 of the Dungeon.
             The game lasted 00:03:44 (2297 turns).

Jynx the Changer (Draconian Transmuter)             Turns: 2297, Time: 00:03:44

Health: -4/40      AC:  5    Str: 13    XL:     5   Next: 16%
Magic:  5/9        EV: 12    Int: 13    God:
Gold:   139        SH:  0    Dex: 12    Spells: 4/10 levels left

rFire    . . .     SeeInvis .     - Unarmed
rCold    . . .     Gourm    .   (no shield)
rNeg     . . .     Faith    .   (armour unavailable)
rPois    .         Spirit   .   (helmet restricted)
rElec    .         Reflect  .   (no cloak)
rCorr    .         Harm     .   (no gloves)
MR       .....                  (boots currently unavailable)
Stlth    ++........             (no amulet)
Regen    0.2/turn               (no ring)
MPRegen  0.2/turn               (no ring)

@: appendage (expiring)
A: unfitting armour, talons 3, cold-blooded, AC +5
a: End Transformation


You were on level 2 of the Dungeon.
You were very hungry.
You had grown temporary talons.
You visited 1 branch of the dungeon, and saw 3 of its levels.

You collected 139 gold pieces.

Inventory:

Missiles
 a - 9 arrows
Jewellery
 f - an uncursed ring of protection from fire {unknown}
Scrolls
 h - a scroll of blinking {unknown}
 i - a scroll of amnesia {unknown}
 k - 2 scrolls of teleportation {unknown}
 n - a scroll of recharging {unknown}
 p - a scroll of identify {unknown}
Potions
 d - 3 potions of berserk rage {unknown}
 e - 2 potions of haste {unknown}
 g - a potion of resistance {unknown}
 j - 2 potions of heal wounds {unknown}
 m - a potion of flight {unknown}
 o - a potion of mutation {unknown}
 q - a potion of agility {unknown}
 r - 2 potions of might {unknown}
Books
 b - a book of Changes

   Spells                             Type                      Level
   a - Beastly Appendage              Transmutation                1
   b - Sticks to Snakes               Transmutation                2
   c - Spider Form                    Transmutation/Poison         3
   d - Ice Form                       Ice/Transmutation            4
   e - Blade Hands                    Transmutation                5
Comestibles
 c - 4 bread rations
 s - a royal jelly


   Skills:
 - Level 1.1 Fighting
 - Level 1.7 Dodging
 - Level 1.2 Stealth
 - Level 3.0 Unarmed Combat
 + Level 3.0 Spellcasting
 * Level 4.0 Transmutations
 + Level 1.6 Poison Magic


You had 4 spell levels left.
You knew the following spells:

 Your Spells              Type           Power        Failure   Level  Hunger
a - Beastly Appendage     Tmut           ##....       4%          1    #......
b - Sticks to Snakes      Tmut           ##......     7%          2    ##.....
c - Spider Form           Tmut/Pois      #.........   22%         3    ###....


Dungeon Overview and Level Annotations

Branches:
Dungeon (3/15)

Altars:
Makhleb
Nemelex Xobeh

Annotations:
D:2 Natasha


Innate Abilities, Weirdness & Mutations

Your plain brown scales are hard. (AC +5)
You cannot fit into any form of body armour.
You are cold-blooded and may be slowed by cold attacks.
You have claws for feet.


Message History

The gnoll is lightly wounded.
Your transformation is almost over.
The gnoll hits you with a flail.
* * * LOW HITPOINT WARNING * * *
Your ball python bites the gnoll.
Your ball python constricts the gnoll.
Your ball python bites the gnoll but does no damage.
Natasha claws your ball python!
Your ball python dies!
Your ball python bites the gnoll but does no damage.
Your ball python grabs the gnoll.
Your ball python constricts the gnoll.
The gnoll struggles to escape constriction.
Your ball python bites the gnoll but does no damage.
Your ball python constricts the gnoll.
Natasha mumbles some strange words.
Your ball python bites the gnoll but does no damage.
Your ball python constricts the gnoll.
The gnoll struggles to escape constriction.
The white imp gestures at you. The puff of frost hits you!
You die...

### ############.######
######<................# ###
#.....###########'####+########..
#.....'.....# #..............'..
#.....#####.####............###..
#.......# #.................# #..
#.......###.###.@.....).....###..
#.........#.# #..................
#.........#.# #...5.........##...
#.........#.###.#g#.[...#........
###.....#........>S.....#........
#.....#.........#.....#........
#.....#......)...........##....
#.....#.........####.######....
#.[...#.........# #..# #....


You could see a gnoll, a white imp and a friendly ball python.

Vanquished Creatures
  Jessica (D:2)
  Natasha (twice) (D:2)
  2 gnolls (D:3)
  3 adders (D:2)
  A worm (D:2)
  A dart slug (D:1)
  4 leopard geckos (D:1)
  A ball python (D:1)
  2 giant cockroaches (D:2)
  6 goblins
  A hobgoblin (D:2)
  5 kobolds
  5 bats
  A frilled lizard (D:1)
  4 rats
39 creatures vanquished.

Notes
Turn   | Place    | Note
-------+----------+-------------------------------------------
     0 | D:1      | Jynx the Draconian Transmuter began the quest for the Orb.
     0 | D:1      | Reached XP level 1. HP: 16/16 MP: 3/3
   322 | D:1      | Reached XP level 2. HP: 18/23 MP: 3/5
   474 | D:1      | Reached skill level 1 in Stealth
   835 | D:2      | Found a sparkling altar of Nemelex Xobeh.
   881 | D:2      | Reached XP level 3. HP: 21/28 MP: 6/6
   981 | D:2      | Learned a level 2 spell: Sticks to Snakes
   985 | D:2      | Learned a level 3 spell: Spider Form
  1042 | D:2      | Reached skill level 3 in Transmutations
  1048 | D:2      | Noticed Jessica
  1069 | D:2      | Killed Jessica
  1069 | D:2      | Reached XP level 4. HP: 21/35 MP: 6/8
  1269 | D:2      | Reached skill level 1 in Poison Magic
  1519 | D:2      | Found a burning altar of Makhleb.
  1534 | D:2      | Noticed Natasha
  1543 | D:2      | Killed Natasha
  1802 | D:2      | Noticed Natasha
  1809 | D:2      | Killed Natasha
  2030 | D:2      | Reached XP level 5. HP: 40/40 MP: 7/9
  2229 | D:3      | Reached skill level 4 in Transmutations
  2230 | D:3      | HP: 2/40 [gnoll/flail (15)]
  2289 | D:2      | Noticed Natasha
  2292 | D:2      | HP: 2/40 [gnoll/flail (8)]
  2297 | D:2      | Killed from afar by a white imp

Skill      XL: |  1  2  3  4  5 |
---------------+----------------+-----
Stealth        | 1 |  1.2
Transmutations | 3 4 |  4.0
Poison Magic   | 1 |  1.6
Spellcasting   | 3 |  3.0
Fighting       | |  1.1
Dodging        | |  1.7
Unarmed Combat | |  3.0

Action                   |  1- 3 |  4- 6 || total
-------------------------+-------+-------++-------
Melee: Unarmed           |   109 |    63 ||   172
       Kick              |    10 |     7 ||    17
       Tailslap          |     9 |     7 ||    16
       Headbutt          |     4 |     2 ||     6
       Punch             |       |     1 ||     1
 Cast: Beastly Appendage |    21 |    10 ||    31
       Sticks to Snakes  |       |     3 ||     3
 Stab: Sleeping          |     1 |       ||     1
  Eat: Chunk             |     1 |     3 ||     4
Armor: Skin              |    51 |    10 ||    61
Dodge: Dodged            |    86 |    47 ||   133
